AoeStats
← Financial Panther

Hideout

509529686Analyzed
1v1 RM · 5d ago on Sep 27, 2026· 37m 23s· 2 players
Game mode
Random Map
Map size
Tiny (2 player)
Population
200
Speed
Normal
Resources
Standard
Victory
Conquest
Starting age
Dark Age
Ending age
Imperial Age
RankedLock teamsTeams togetherTeam positionsShared explorationLock speedFull tech treeHidden civsTurbo modeCheats
Victory
Defeat
🇺🇸 Lithuanians · United States
1390
+12
🇦🇷 Magyars · Argentina
1312
-12
DS_Moustachon
6:12 Loom
8:47 Feudal Age
9:58 Double-Bit Axe
11:39 Loom
20:20 Castle Age
18:19 Horse Collar
19:20 Gold Mining
19:57 Fletching
21:33 Bow Saw
22:18 Bodkin Arrow
23:10 Ballistics
25:04 Gold Shaft Mining
26:53 Wheelbarrow
27:25 Padded Archer Armor
28:28 Leather Archer Armor
32:37 Husbandry
36:24 Bloodlines
37:24 Scale Barding Armor
Financial Panther
7:11 Loom
10:15 Feudal Age
14:53 Castle Age
15:00 Double-Bit Axe
15:01 Horse Collar
22:11 Wheelbarrow
23:42 Bow Saw
23:42 Town Watch
24:30 Bloodlines
24:40 Fletching
24:16 Elite Skirmisher
25:16 Heavy Plow
26:15 Padded Archer Armor
26:35 Scale Barding Armor
26:54 Bodkin Arrow
27:46 Forging
28:02 Leather Archer Armor
32:44 Chain Barding Armor
36:41 Imperial Age
34:47 Ballistics
36:19 Stone Mining
36:20 Gold Mining
36:57 Forging
37:37 Bracer
38:12 Plate Barding Armor
38:58 Chemistry
Connection lost

Rejoining the realm…

Still unreachable

The connection could not be restored.

Session expired

The server has moved on; the page needs a fresh start.